 Dungeon Crawl Stone Soup version 0.29.1-1-gd02db6906a (webtiles) character file.

Game seed: 7832775423086901526

314 pacmanke6689 the Slasher (level 6, -10/47 HPs)
             Began as a Demonspawn Gladiator on Sept 25, 2022.
             Mangled by Iamsock's ghost (11 damage)
             ... on level 3 of the Dungeon.
             The game lasted 00:10:28 (4578 turns).

pacmanke6689 the Slasher (Demonspawn Gladiator)     Turns: 4578, Time: 00:10:30

Health: -10/47     AC:  5    Str: 20    XL:     6   Next: 19%
Magic:  6/6        EV: 12    Int:  9    God:
Gold:   126        SH:  5    Dex: 15    Spells: 5/5 levels left

rFire   . . .      SeeInvis .   a - +1 long sword
rCold   . . .      Faith    .   h - +1 buckler
rNeg    . . .      Spirit   .   b - +0 leather armour
rPois   .          Reflect  .   (helmet restricted)
rElec   .          Harm     .   (no cloak)
rCorr   .          Rampage  .   d - +1 pair of gloves
Will    .....                   (no boots)
Stlth   +++.......              f - amulet of regeneration
HPRegen 0.95/turn               (no ring)
MPRegen 0.10/turn               (no ring)

@: hasted, unable to read, very quick
A: antennae 2, thin skeletal structure 1, screaming 1, strong 1, inability to
read after injury 1
a: no special abilities


You were on level 3 of the Dungeon.
You visited 1 branch of the dungeon, and saw 3 of its levels.

You collected 126 gold pieces.

Inventory:

Hand Weapons
 a - a +1 long sword (weapon)
Missiles
 g - 5 silver javelins (quivered)
Armour
 b - a +0 leather armour (worn)
 d - a +1 pair of gloves (worn)
 h - a +1 buckler (worn)
Jewellery
 f - an amulet of regeneration (around neck)
Potions
 e - a potion of degeneration {unknown}


   Skills:
 + Level 3.1 Fighting
 + Level 4.4 Long Blades
 + Level 2.2 Throwing
 + Level 2.3 Armour
 + Level 3.3 Dodging
 + Level 1.2 Stealth
 + Level 0.4 Shields


You had 5 spell levels left.
You didn't know any spells.
Your spell library contained the following spells:

 Spells                   Type           Power      Damage    Failure   Level
 Iskenderun's Battlesphe  Conj           0%         2d6       100%        5
 Iron Shot                Conj/Erth      0%         9d1       100%        6
 Spellforged Servitor     Conj/Summ      0%         N/A       100%        7


Dungeon Overview and Level Annotations

Branches:
Dungeon (3/15)

Altars:

Annotations:
D:3 Iamsock's ghost, amateur GnWn


Innate Abilities, Weirdness & Mutations

You have a pair of antennae on your head.
You have a somewhat thin skeletal structure. (Dex +2, Stealth+)
You occasionally shout uncontrollably at your foes.
Your muscles are strong. (Str +4, Int/Dex -1)
You occasionally lose the ability to read scrolls when taking damage.


Message History

Press: ? - help, Q - select action Shift-Dir - straight line, f - phantom
Aim: a phantom (wandering, hasn't noticed you, 50% to hit)
You throw a silver javelin.
Iamsock's ghost turns its malevolent gaze towards you.
The silver javelin pierces through the phantom!
The phantom is heavily damaged.
You closely miss Iamsock's ghost. The phantom barely misses you.
Iamsock's ghost hits you but does no damage.
You block Iamsock's ghost's attack. The phantom misses you.
You closely miss Iamsock's ghost. The centaur zombie closely misses you.
The centaur zombie kicks you. Iamsock's ghost completely misses you.
The phantom hits you but does no damage.
The centaur zombie hits you. The centaur zombie kicks you.
You closely miss Iamsock's ghost. The wyvern skeleton misses you.
The centaur zombie hits you but does no damage.
The centaur zombie closely misses you. Iamsock's ghost hits you.
The phantom hits you.
The phantom blinks!
The wyvern skeleton closely misses you.
You hit Iamsock's ghost but do no damage.
The centaur zombie misses you. The centaur zombie kicks you.
The wyvern skeleton closely misses you. Iamsock's ghost hits you.
You closely miss the phantom.
The phantom is heavily damaged.
The wyvern skeleton bites you but does no damage.
You block Iamsock's ghost's attack. The wyvern skeleton bites you!
You feel yourself speed up. You block Iamsock's ghost's attack.
The phantom hits you. The wyvern skeleton bites you.
You miss the phantom.
The phantom is heavily damaged.
The wyvern skeleton bites you. You block the phantom's attack.
Iamsock's ghost hits you!
You feel threatened and lose the ability to read scrolls!
* * * LOW HITPOINT WARNING * * *
You closely miss the phantom.
The phantom is heavily damaged.
The wyvern skeleton bites you!
* * * LOW HITPOINT WARNING * * *
The phantom hits you but does no damage.
Iamsock's ghost hits you!
You die...

#........................#.###.#.
########........©........#.###...
#..#############..#....... #..#
...$$$..{.#..#.......
#######..#...........#..#.......
#.....#..#..##...##..#..#.....(.
#........#. #8..(8#..#..#.......
#.†......#..##.[.##..#..#.......
#........#.....@.....#..#.......
#........#..##WWZ##..#..#.......
#.....#..#..#8.Z.8#..#..#.......
#.....#..#..##...##..#..##......
#.[...#..#...........#..##..<...
#.....#..#...........#..........
#.....#..#############..........
#######........©..............##
#...................########


You could see a phantom, Iamsock's ghost, a centaur zombie and a wyvern
skeleton.

Vanquished Creatures
  2 kobold brigands (D:3)
  Terence (D:3)
  An orc priest (D:3)
  An orc wizard (D:2)
  2 worms (D:2)
  3 dart slugs
  6 orcs
  8 bats
  6 endoplasms
  2 giant cockroaches (D:1)
  4 goblins
  8 hobgoblins
  4 jackals (D:1)
  12 kobolds
  6 quokkas
  7 ball pythons
  A frilled lizard (D:1)
  5 rats
79 creatures vanquished.

Notes
Turn   | Place    | Note
-------+----------+-------------------------------------------
     0 | D:1      | pacmanke6689 the Demonspawn Gladiator began the quest for
                  | the Orb.
     0 | D:1      | Reached XP level 1. HP: 16/16 MP: 1/1
    25 | D:1      | Gained mutation: You have a pair of small antennae on your
                  | head. [demonic ancestry]
    25 | D:1      | Reached XP level 2. HP: 12/22 MP: 2/2
   275 | D:1      | Reached skill level 3 in Long Blades
   412 | D:1      | Noticed a golden eye
   415 | D:1      | Found a faded altar of an unknown god.
   703 | D:1      | Reached XP level 3. HP: 27/27 MP: 3/3
   790 | D:1      | Noticed a floating eye
   798 | D:1      | Noticed a shining eye
   883 | D:1      | Noticed a great orb of eyes
  2732 | D:3      | Gained mutation: You have a somewhat thin skeletal
                  | structure. (Dex +2, Stealth+) [demonic ancestry]
  2732 | D:3      | Reached XP level 4. HP: 22/34 MP: 4/4
  2882 | D:3      | Noticed a kobold brigand
  2882 | D:3      | Noticed a kobold brigand
  2895 | D:3      | Killed a kobold brigand
  2896 | D:3      | Reached skill level 4 in Long Blades
  2896 | D:3      | Reached skill level 1 in Armour
  2896 | D:3      | Reached skill level 1 in Stealth
  2896 | D:3      | Reached XP level 5. HP: 21/39 MP: 5/5
  3011 | D:3      | Gained mutation: Your muscles are strong. (Str +4, Int/Dex
                  | -1) [potion of mutation]
  3011 | D:3      | Gained mutation: You occasionally lose the ability to read
                  | scrolls when taking damage. [potion of mutation]
  3011 | D:3      | Gained mutation: You occasionally shout uncontrollably at
                  | your foes. [potion of mutation]
  3499 | D:3      | Gained mutation: You have a pair of antennae on your head.
                  | [demonic ancestry]
  3499 | D:3      | Reached XP level 6. HP: 30/47 MP: 6/6
  3859 | D:3      | Noticed Iamsock's ghost (amateur GnWn)
  3861 | D:3      | Found a transporter.
  3961 | D:3      | Noticed Terence
  3970 | D:3      | Killed Terence
  4578 | D:3      | HP: 1/47 [wyvern skeleton (8)]
  4578 | D:3      | Mangled by Iamsock's ghost

Illustrated notes

Levels and vault maps discovered:
D:1:      heliophobic_arrival_enchanted_forest, layout_basic,
          hellmonk_ecumenical_altar_watching_god
D:2:      layout_loops_cross
D:3:      cheibrodos_thug_alley, layout_basic, gammafunk_ghost_mausoleum,
          serial_aquarium, aquarium_bridge_square [aquarium_subvault_bridge,
          aquarium_subvault_wall, aquarium_subvault_wall,
          aquarium_subvault_bridge], aquarium_bridge_square
          [aquarium_subvault_bridge, aquarium_subvault_bridge,
          aquarium_subvault_wall, aquarium_subvault_bridge], aquarium_window_1,
          aquarium_window_1, aquarium_window_1, aquarium_window_corridor_3,
          aquarium_view_2f, aquarium_balcony_1a, kennysheep_small_spiral,
          uniq_terence

Skill      XL: |  1  2  3  4  5  6 |
---------------+-------------------+-----
Dodging        | 3 |  3.3
Long Blades    | 3 4 |  4.4
Armour         | 1 2 |  2.3
Stealth        | 1 |  1.2
Fighting       | 3 |  3.1
Throwing       | 2 |  2.2
Shields        | |  0.4

Action                   |  1- 3 |  4- 6 || total
-------------------------+-------+-------++-------
Melee: Long sword        |   139 |   104 ||   243
Throw: Javelin           |       |    12 ||    12
  Use: Scroll            |     5 |     4 ||     9
       Potion            |     2 |     6 ||     8
 Stab: Sleeping          |     5 |       ||     5
       Distracted        |       |     1 ||     1
Armor: Leather armour    |    36 |    18 ||    54
Dodge: Dodged            |    98 |    74 ||   172
Block: Buckler           |     5 |    19 ||    24
